 Dungeon Sprint DCSS version 0.21.0-24-g2553a33 (webtiles) character file.

396958 letownia2 the Wrestler (level 16, 147/179 HPs)
             Began as a Troll Wizard on Jan 20, 2018.
             Was an Initiate of Gozag.
             Escaped with the Orb!
             The game lasted 01:00:02 (5115 turns).

letownia2 the Wrestler (Troll Wizard)               Turns: 5115, Time: 01:00:03

Health: 147/179    AC: 32    Str: 28    XL:     16   Next: 81%
Magic:  20/24      EV: 12    Int: 23    God:    Gozag
Gold:   3434       SH: 24    Dex: 23    Spells: 17/27 levels left

rFire    + + +     SeeInvis +     - Unarmed
rCold    + + +     Gourm    +   u - +0 large shield {AC+3}
rNeg     + + +     Faith    .   d - +7 fire dragon scales of Ikeleapa {rF++ rC- MR- Str+4 Dex+6}
rPois    .         Spirit   +   l - +2 hat of the Bear Spirit {Spirit, +Rage rN+ MR++}
rElec    .         Reflect  .   f - +2 cloak of Day {rF+ MR+++ Dex+6 Stlth-}
rCorr    +         Harm     .   (gloves unavailable)
MR       +++++     Rnd*Rage +   (boots unavailable) Stlth ..........NoTele +
                                x - amulet "Maraagg" {Spirit rC+ rN+ SInv}
HPRegen  0.79/turn              D - ring of Gorazatym {*Drain Str+5 Int+9 Dex+3}
MPRegen  0.19/turn              a - ring "Haton" {rCorr rC+++ rN+ MR+ Int-3}

@: no status effects
A: large, unfitting armour, claws 3, rugged brown scales 1, thin metallic scales
1, berserk 1, fast metabolism 3, gourmand, sense surroundings 1, regeneration 1,
screaming 1, shaggy fur 1, tough skin 2, weak 1, subdued magic 1
0: Orb of Zot
a: Potion Petition, Call Merchant, Bribe Branch, Renounce Religion, Evoke
Berserk Rage


You escaped.
You worshipped Gozag.
Gozag was most pleased with you.
You were not hungry.

You visited 1 branch You collected 19119 gold pieces.
You spent 6455 gold pieces at shops.
You paid 9230 gold pieces to Gozag.

Inventory:

Hand Weapons
 v - the +3 dagger "Geoxkirr" {pierce, -Tele rPois Dex-4 Stlth+}
   (You found it in the Dungeon)

   It inflicts extra damage upon your enemies.
   It affects your dexterity (-4).
   It protects you from poison.
   It prevents most forms of teleportation.
   It makes you more stealthy.
 F - a +0 blowgun
Missiles
 e - 3 silver javelins (quivered)
 G - 8 curare-tipped needles
Armour
 c - +1 gold dragon scales
 d - the +7 fire dragon scales of Ikeleapa (worn) {rF++ rC- MR- Str+4 Dex+6}
   (You bought it in a shop in the Dungeon)

   It affects your strength (+4).
   It affects your dexterity (+6).
   It greatly protects you from fire.
   It makes you vulnerable to cold.
   It affects your resistance to hostile enchantments.
 f - the +2 cloak of Day (worn) {rF+ MR+++ Dex+6 Stlth-}
   (You bought it in a shop in the Dungeon)

   It affects your dexterity (+6).
   It protects you from fire.
   It affects your resistance to hostile enchantments.
   It makes you less stealthy.
 l - the +2 hat of the Bear Spirit (worn) {Spirit, +Rage rN+ MR++}
   (You bought it in a shop in the Dungeon)

   It protects you from negative energy.
   It affects your resistance to hostile enchantments.
   It lets you go berserk.
 u - a +0 large shield of protection (worn)
Magical Staves
 M - an uncursed staff of poison
Jewellery
 a - the ring "Haton" (right claw) {rCorr rC+++ rN+ MR+ Int-3}
   (You bought it in a shop in the Dungeon)

   [ring of resist corrosion]

   It affects your intelligence (-3).
   It renders you almost immune to cold.
   It protects you from negative energy.
   It affects your resistance to hostile enchantments.
 x - the amulet "Maraagg" (around neck) {Spirit rC+ rN+ SInv}
   (You found it in the Dungeon)

   [amulet of guardian spirit]

   It causes incoming damage to be split between your health and magic.
   It protects you from cold.
   It protects you from negative energy.
   It lets you see invisible.
 D - the ring of Gorazatym (left claw) {*Drain Str+5 Int+9 Dex+3}
   (You found it in the Dungeon)

   [ring of dexterity]

   It affects your strength (+5).
   It affects your intelligence (+9).
   It affects your dexterity (+3).
   It causes draining when unequipped.
 E - the amulet of Arry {Inacc rPois rC+ Str+2}
   (You found it in the Dungeon)

   [amulet of inaccuracy]

   It reduces the accuracy of all your attacks.
   It affects your strength (+2).
   It protects you from cold.
   It protects you from poison.
 L - an uncursed ring of wizardry
Wands
 I - a wand of clouds (2)
Scrolls
 j - 2 scrolls of blinking
 q - 2 scrolls of identify
 w - a scroll of amnesia
Potions
 b - 2 potions of flight
 g - a potion of haste
 h - 3 potions of magic
 i - 4 potions of lignification
 k - 2 potions of berserk rage
 m - 3 potions of heal wounds
 n - 2 potions of resistance
 o - a potion of brilliance
 t - 2 potions of cancellation
 z - 3 potions of curing
 J - 26 potions of mutation
Books
 N - the Guide on Evil Magic
   (You found it in the Dungeon)

   Spells                             Type                      Level
   a - Animate Skeleton               Necromancy                   1
   b - Corpse Rot                     Necromancy                   2
   c - Dispel Undead                  Necromancy                   5
   d - Borgnjor's Vile Clutch         Necromancy/Earth             5
   e - Agony                          Necromancy                   5
Miscellaneous
 y - a phantom mirror
 H - a lamp of fire
 K - a fan of gales
Comestibles
 p - 5 rations


   Skills:
 + Level 14.8 Fighting
 - Level 9.0 Armour
 - Level 5.7 Dodging
 - Level 1.0 Stealth
 - Level 18.1 Shields
 - Level 24.9 Unarmed Combat
 - Level 6.4 Spellcasting
 - Level 5.1 Conjurations
 + Level 8.7 Hexes
   Level 0.6 Summonings
 - Level 3.4 Translocations
 - Level 3.1 Fire Magic
 - Level 2.9 Air Magic
 - Level 3.1 Poison Magic
 - Level 8.4 Evocations


You had 17 spell levels left.
You knew the following spells:

 Your Spells              Type           Power        Failure   Level  Hunger
a - Magic Dart            Conj           ###.         1%          1    None
b - Blink                 Tloc           N/A          4%          2    None
c - Conjure Flame         Conj/Fire      ###.....     8%          3    #......
d - Confusing Touch       Hex            #####.       1%          1    None
e - Mephitic Cloud        Conj/Pois/Air  ###.....     10%         3    #......


Dungeon Overview and Level Annotations

Branches:
Dungeon (1/1)

Altars:
Cheibriados
Dithmenos
Elyvilon
Fedhas
Gozag
Hepliaklqana
Kikubaaqudgha
Makhleb
Nemelex Xobeh
Okawaru
Qazlal
Ru
Sif Muna
Trog
Uskayaw
Vehumet
Wu Jian
Xom
Yredelemnul
Zin
The Shining One
Beogh
Jiyva
Lugonu

Shops:
D [((:!!:?:%[![=}}([%[=(*([[!:(!:?[?*[[:=[:

Annotations:
D exclusion: door


Innate Abilities, Weirdness & Mutations

You are too large for most types of armour.
You have claws for hands.
Your metabolism is lightning-fast.
You like to eat raw meat.
Your natural rate of healing is unusually fast.
You are covered in fur. (AC +1)
You have very tough skin. (AC +2)
You are partially covered in rugged brown scales. (AC +1, +3% HP)
You are partially covered in thin metallic scales. (AC +2)
You tend to lose your temper in combat.
You passively map a small area around you.
You occasionally shout uncontrollably at your foes.
You are weak. (Str -2)
Your spells are a little easier to cast, but a little less powerful.


Message History

You kill the Orb Guardian!
Really fly into a travel-excluded area?
The Orb Guardian is no longer distracted by gold.
You block the Orb Guardian's attack.
The Orb Guardian is distracted by the nearby gold.
You feel a little less agile now.
You are starting to lose your buoyancy.
The Orb Guardian is no longer distracted by gold.
The Orb Guardian is distracted by the nearby gold.
There is an open door here.
There is an open door here.
You float gracefully downwards.
You feel a little less mighty now.
A sun demon comes into view.
You feel a little less clever now.
There is a staircase leading out of the dungeon, spattered with blood here.
Things that are here:
6 bolts; an uncursed arbalest You can't go down here!
You have escaped!

##########≈≈#+++#§'+#####(...#,##
#########≈≈≈......§..#..'^.((#,.#
∩.∩[....#≈≈≈(.##'##..#..####.#,.#
.∩.∩....#≈≈≈≈##.#.##.####..'.##.#
..∩.∩...#≈≈≈≈#3.#..#....#..#...##
...∩.∩..#≈[####...####..#####^.##
....∩.⌠.#≈##.###'###.##..#..'..#.
...∩.∩.[#≈#..(##)##)..#..#..#..#.
..∩.∩.∩∩'≈'###((@.'.#.'..####..##
.∩.∩.∩∩∩#≈#...##.##...#....###...
▓▓▓▓▓▓###≈##.###'###.##.§....X≈≈$
...######≈≈####.#.####≈§.....≈#(#
...#..'.##≈≈≈#..#..#≈≈≈≈≈≈≈..≈#_∩
∩.('..#'##'#≈###.###≈≈≈≈≈≈≈§.≈#∩_
.[.#[##§##.#≈≈##'##≈≈≈≈≈≈≈≈§≈≈#_.
(..###§§§####≈≈≈≈≈≈≈≈≈≈§§§≈§≈≈#._
#'###§≈§§§#,#+++#+++#≈≈§≈§≈≈≈≈#_.


There were no monsters in sight!

Vanquished Creatures
  A seraph (D)
  the Lernaean hydra (D)
  A golden dragon (D)
  Nikola (D)
  A bone dragon (D)
  A hellephant (D)
  An Orb Guardian (D)
  A deep elf master archer (D)
  3 quicksilver dragons (D)
  Murray (D)
  A deep elf blademaster (D)
  An Executioner (D)
  Kirke (D)
  A kraken (D)
  Gastronok (D)
  2 sphinxes (D)
  A storm dragon (D)
  A frost giant (D)
  A cacodemon (D)
  A draconian shifter (D)
  A dire elephant (D)
  Nessos (D)
  3 lorocyprocas (D)
  A crystal guardian (D)
  A deep elf high priest (D)
  A yaktaur captain (D)
  A fire dragon (D)
  A great orb of eyes (D)
  An ice dragon (D)
  A centaur warrior (D)
  Sonja (D)
  3 sixfirhies (D)
  2 cherubim (D)
  A skeletal warrior (D)
  2 unseen horrors (D)
  2 death drakes (D)
  A glowing orange brain (D)
  An obsidian statue (D)
  A harpy (D)
  2 deep trolls (D)
  2 large abominations (D)
  3 orc sorcerers (D)
  15 shining eyes (D)
  An elephant (D)
  An oklob plant (D)
  A merfolk siren (D)
  An eye of devastation (D)
  2 toenail golems (D)
  An ice statue (D)
  A yaktaur (D)
  A kobold demonologist (D)
  An ice devil (D)
  2 hellwings (D)
  A red devil (D)
  2 tyrant leeches (D)
  3 slime creatures (D)
  5 polar bears (D)
  A hornet (D)
  5 flying skulls (D)
  2 redbacks (D)
  3 yaks (D)
  2 wyverns (D)
  A chaos spawn (D)
  A vampire mosquito (D)
  10 floating eyes (D)
  2 swamp drakes (D)
  3 black bears (D)
  4 necrophages (D)
  4 crocodiles (D)
  9 electric eels (D)
  4 lava snakes (D)
  A quasit (D)
  4 orc priests (D)
  A jelly (D)
  4 worker ants (D)
  5 ballistomycetes (D)
  5 tentacles (D)
165 creatures vanquished.

Vanquished Creatures (others)
  A flying skull (D)
  Menkaure (D)
  A crocodile (D)
  2 ballistomycete spores (D)
  11 tentacles (D)
16 creatures vanquished.

Grand Total: 181 creatures vanquished

Notes
Turn   | Place    | Note
-------+----------+-------------------------------------------
     0 | D        | letownia2 the Troll Wizard began the quest for the Orb.
     0 | D        | Reached XP level 1. HP: 16/16 MP: 2/2
     1 | D        | Noticed a necrophage
     1 | D        | Noticed a necrophage
     1 | D        | Noticed a necrophage
     1 | D        | Noticed a necrophage
     7 | D        | Killed a necrophage
     7 | D        | Reached skill level 6 in Unarmed Combat
     7 | D        | Reached XP level 2. HP: 31/31 MP: 4/4
     7 | D        | Reached XP level 3. HP: 38/38 MP: 5/5
     7 | D        | Reached XP level 4. HP: 47/47 MP: 6/6
    10 | D        | Killed a necrophage
    10 | D        | Reached skill level 8 in Unarmed Combat
    10 | D        | Reached XP level 5. HP: 53/53 MP: 7/7
    16 | D        | Killed a necrophage
    16 | D        | Reached skill level 9 in Unarmed Combat
    21 | D        | Killed a necrophage
    21 | D        | Reached skill level 10 in Unarmed Combat
    21 | D        | Reached XP level 6. HP: 58/60 MP: 7/9
   100 | D        | Killed Menkaure
   156 | D        | Learned a level 2 spell: Blink
   160 | D        | Learned a level 3 spell: Conjure Flame
   164 | D        | Learned a level 3 spell: Mephitic Cloud
   170 | D        | Noticed an orange crystal statue
   177 | D        | Reached skill level 11 in Unarmed Combat
   177 | D        | Reached skill level 1 in Translocations
   192 | D        | Noticed a merfolk siren
   206 | D        | Killed a merfolk siren
   206 | D        | Reached XP level 7. HP: 52/66 MP: 7/11
   211 | D        | Found an iron altar of Okawaru.
   211 | D        | Found a radiant altar of Vehumet.
   211 | D        | Found a glowing silver altar of Zin.
   212 | D        | Found a sparkling altar of Nemelex Xobeh.
   212 | D        | Found a hide-covered altar of Uskayaw.
   213 | D        | Found an opulent altar of Gozag.
   213 | D        | Found a burning altar of Makhleb.
   213 | D        | Found a bloodstained altar of Trog.
   214 | D        | Found a blossoming altar of Fedhas.
   214 | D        | Found a corrupted altar of Lugonu.
   214 | D        | Found a basalt altar of Yredelemnul.
   214 | D        | Found a deep blue altar of Sif Muna.
   215 | D        | Found a white marble altar of Elyvilon.
   215 | D        | Found an ancient bone altar of Kikubaaqudgha.
   216 | D        | Found a shadowy altar of Dithmenos.
   216 | D        | Found a viscous altar of Jiyva.
   217 | D        | Found a snail-covered altar of Cheibriados.
   219 | D        | Found a roughly hewn altar of Beogh.
   219 | D        | Found a shimmering altar of Xom.
   219 | D        | Found a sacrificial altar of Ru.
   219 | D        | Found a hazy altar of Hepliaklqana.
   220 | D        | Found a glowing golden altar of the Shining One.
   220 | D        | Found an ornate altar of the Wu Jian Council.
   220 | D        | Found a stormy altar of Qazlal.
   222 | D        | Became a worshipper of Gozag Ym Sagoz the Greedy
   245 | D        | Found Qogova Lyoc's Distillery.
   245 | D        | Found Uhugibbu's Book Shop.
   246 | D        | Found Ughuhod's Armour Shop.
   246 | D        | Found Canorax's Antique Armour Boutique.
   246 | D        | Found Koic Huaq's Distillery.
   247 | D        | Found Megreg's Food Shop.
   247 | D        | Found Udweux's Armour Boutique.
   247 | D        | Found Zacitav's Antique Armour Boutique.
   247 | D        | Found Huadas's Jewellery Shop.
   248 | D        | Found Unekoul's Gadget Boutique.
   248 | D        | Found Xim Wuov's Jewellery Boutique.
   248 | D        | Found Xijuen's Antique Armour Shop.
   248 | D        | Noticed a polar bear
   250 | D        | Noticed a polar bear
   251 | D        | Found Onneadoh's Magic Scroll Boutique.
   251 | D        | Found Uhis Qol's Book Shop.
   251 | D        | Noticed an oklob plant
   251 | D        | Noticed an ice dragon
   252 | D        | Found Ismol's Book Shoppe.
   252 | D        | Found Reaklyde's Antique Weapon Boutique.
   256 | D        | Bought a potion of lignification for 30 gold pieces
   256 | D        | Bought a potion of lignification for 30 gold pieces
   256 | D        | Bought a potion of berserk rage for 50 gold pieces
   256 | D        | Noticed a yak
   256 | D        | Noticed a yak
   257 | D        | Noticed a yak
   265 | D        | Bought a potion of lignification for 42 gold pieces
   295 | D        | Noticed a tyrant leech
   295 | D        | Noticed a tyrant leech
   302 | D        | Killed a tyrant leech
   302 | D        | Reached skill level 12 in Unarmed Combat
   306 | D        | Killed a tyrant leech
   306 | D        | Reached skill level 5 in Conjurations
   306 | D        | Reached XP level 8. HP: 76/76 MP: 9/12
   382 | D        | Bought the +2 hat of the Bear Spirit {Spirit, +Rage rN+ MR++} for 860 gold pieces
   382 | D        | Found the +2 hat of the Bear Spirit {Spirit, +Rage rN+ MR++}
   446 | D        | Noticed a hornet
   446 | D        | Noticed a polar bear
   447 | D        | Noticed a polar bear
   449 | D        | Noticed a yaktaur
   450 | D        | Noticed a polar bear
   455 | D        | Killed a polar bear
   461 | D        | Killed a polar bear
   461 | D        | Reached skill level 5 in Evocations
   463 | D        | Killed a hornet
   463 | D        | Reached XP level 9. HP: 73/84 MP: 0/14
   468 | D        | Killed a polar bear
   480 | D        | Killed a yaktaur
   542 | D        | Noticed a kraken
   579 | D        | Bought the +2 cloak of Day {rF+ MR+++ Dex+6 Stlth-} for 610 gold pieces
   881 | D        | Killed a kraken
   881 | D        | Reached skill level 15 in Unarmed Combat
   881 | D        | Reached XP level 10. HP: 92/92 MP: 0/15
   985 | D        | Noticed a deep troll
   987 | D        | Noticed a deep troll
   992 | D        | Killed a deep troll
   992 | D        | Reached skill level 5 in Fighting
   997 | D        | Killed a deep troll
   997 | D        | Reached skill level 5 in Dodging
  1078 | D        | Noticed a death drake
  1079 | D        | Noticed a crystal guardian
  1101 | D        | Killed a death drake
  1109 | D        | Killed a crystal guardian
  1161 | D        | Noticed a death drake
  1197 | D        | Killed a death drake
  1197 | D        | Reached skill level 16 in Unarmed Combat
  1276 | D        | Reached XP level 11. HP: 56/112 MP: 8/16
  1359 | D        | Noticed a deep elf master archer
  1401 | D        | Noticed an obsidian statue
  1439 | D        | Noticed a soul eater
  1443 | D        | Killed an obsidian statue
  1563 | D        | Noticed a sphinx
  1563 | D        | Noticed a sphinx
  1571 | D        | Killed a sphinx
  1571 | D        | Reached skill level 10 in Fighting
  1571 | D        | Reached skill level 17 in Unarmed Combat
  1580 | D        | Killed a sphinx
  1654 | D        | Bought tiger eye-encrusted fire dragon scales for 1885 gold pieces
  1664 | D        | Identified the +7 fire dragon scales of Ikeleapa {rF++ rC- MR- Str+4 Dex+6} (You bought it in a shop in the Dungeon)
  1698 | D        | Bought a scroll of identify for 26 gold pieces
  1918 | D        | Killed a deep elf master archer
  1961 | D        | Bought a ration for 65 gold pieces
  1972 | D        | Noticed Kirke
  1972 | D        | Noticed a yaktaur captain
  1973 | D        | Noticed a skeletal warrior
  1974 | D        | Noticed a centaur warrior
  1974 | D        | Noticed a harpy
  1974 | D        | Noticed a harpy
  1993 | D        | Killed a centaur warrior
  1993 | D        | Reached skill level 18 in Unarmed Combat
  1997 | D        | Killed Kirke
  1997 | D        | Reached skill level 19 in Unarmed Combat
  1997 | D        | Reached XP level 12. HP: 86/127 MP: 8/17
  2001 | D        | Killed a yaktaur captain
  2053 | D        | Gained mutation: Your spells are a little easier to cast, but a little less powerful. [a shining eye]
  2058 | D        | Reached skill level 20 in Unarmed Combat
  2138 | D        | Noticed a great orb of eyes
  2138 | D        | Noticed a fire dragon
  2144 | D        | Reached skill level 21 in Unarmed Combat
  2146 | D        | Killed a fire dragon
  2150 | D        | Killed a great orb of eyes
  2162 | D        | Found Xifoag's Antique Armour Emporium.
  2162 | D        | Found Ucleh's Weapon Shop.
  2163 | D        | Found Ynwucuri's Distillery.
  2163 | D        | Found Ruda's Armour Shoppe.
  2163 | D        | Found Notaon's Gadget Boutique.
  2163 | D        | Found Plog's General Store.
  2163 | D        | Found Gaduer's Book Shop.
  2163 | D        | Found Xaall's Distillery.
  2163 | D        | Found Fumosh's Distillery.
  2163 | D        | Found Witau's Weapon Emporium.
  2163 | D        | Found Kuixzimy's Antique Weapon Shop.
  2163 | D        | Found Nikig's Weapon Shoppe.
  2183 | D        | Bought a potion of lignification for 30 gold pieces
  2191 | D        | Bought a potion of lignification for 30 gold pieces
  2226 | D        | Bought a ration for 65 gold pieces
  2226 | D        | Bought a ration for 65 gold pieces
  2226 | D        | Bought a ration for 65 gold pieces
  2226 | D        | Bought a ration for 65 gold pieces
  2265 | D        | Bought the ring "Haton" {rCorr rC+++ rN+ MR+ Int-3} for 917 gold pieces
  2331 | D        | Bought 3 potions of flight for 90 gold pieces
  2332 | D        | Bought a potion of heal wounds for 50 gold pieces
  2332 | D        | Bought a potion of agility for 40 gold pieces
  2332 | D        | Bought a potion of heal wounds for 50 gold pieces
  2332 | D        | Bought a potion of heal wounds for 50 gold pieces
  2333 | D        | Bought a potion of might for 44 gold pieces
  2334 | D        | Bought a potion of heal wounds for 50 gold pieces
  2422 | D        | Found Nestron's Book Shoppe.
  2423 | D        | Found Bokozxesh's Armour Boutique.
  2475 | D        | Noticed Gastronok
  2481 | D        | Killed Gastronok
  2481 | D        | Reached skill level 5 in Spellcasting
  2500 | D        | Found Xiucaf's Weapon Emporium.
  2502 | D        | Found Icuagg's Food Shoppe.
  2505 | D        | Noticed Nessos
  2515 | D        | Killed Nessos
  2522 | D        | Got an ichor-stained dagger
  2526 | D        | Identified the +3 dagger "Geoxkirr" {pierce, -Tele rPois Dex-4 Stlth+} (You found it in the Dungeon)
  2534 | D        | Bought a ration for 55 gold pieces
  2534 | D        | Bought a ration for 55 gold pieces
  2578 | D        | Noticed a dire elephant
  2596 | D        | Killed a dire elephant
  2596 | D        | Reached skill level 22 in Unarmed Combat
  2596 | D        | Reached XP level 13. HP: 114/134 MP: 5/21
  2622 | D        | Got a flickering sapphire amulet
  2646 | D        | Got a vibrating turquoise ring
  2648 | D        | Got a scorched iron amulet
  2650 | D        | Got an ancient spear
  2671 | D        | Got an iridescent arbalest
  2681 | D        | Learned a level 1 spell: Confusing Touch
  2683 | D        | Identified the amulet of Arry {Inacc rPois rC+ Str+2} (You found it in the Dungeon)
  2685 | D        | Identified the amulet "Maraagg" {Spirit rC+ rN+ SInv} (You found it in the Dungeon)
  2686 | D        | Identified the ring of Gorazatym {*Drain Str+5 Int+9 Dex+3} (You found it in the Dungeon)
  2731 | D        | Identified the cursed +1 spear "Uprudgh" {antimagic, rC+ Int+5} (You found it in the Dungeon)
  2733 | D        | Identified 3 scrolls of acquirement
  2838 | D        | Bought a scroll of remove curse for 39 gold pieces
  3041 | D        | Reached skill level 1 in Shields
  3180 | D        | Reached XP level 14. HP: 137/143 MP: 22/22
  3210 | D        | Noticed a deep elf blademaster
  3219 | D        | Reached skill level 5 in Shields
  3225 | D        | Killed a deep elf blademaster
  3296 | D        | Noticed a hellephant
  3297 | D        | Noticed a black draconian shifter
  3305 | D        | Noticed Sonja
  3309 | D        | Killed Sonja
  3341 | D        | Killed a hellephant
  3341 | D        | Reached skill level 10 in Shields
  3413 | D        | Killed a black draconian shifter
  3493 | D        | Gained mutation: You are clumsy. (Dex -2) [a shining eye]
  3495 | D        | Gained mutation: You are somewhat resistant to further mutation. [a shining eye]
  3495 | D        | Paralysed by a floating eye for 4 turns
  3502 | D        | Paralysed by a floating eye for 2 turns
  3506 | D        | Paralysed by a floating eye for 4 turns
  3511 | D        | Paralysed by a floating eye for 4 turns
  3519 | D        | Paralysed by a floating eye for 4 turns
  3529 | D        | Paralysed by a floating eye for 3 turns
  3538 | D        | Paralysed by a floating eye for 3 turns
  3545 | D        | Paralysed by a floating eye for 3 turns
  3606 | D        | Paralysed by a floating eye for 4 turns
  3608 | D        | Gained mutation: You tend to lose your temper in combat. [a shining eye]
  3611 | D        | Paralysed by a floating eye for 3 turns
  3617 | D        | Paralysed by a floating eye for 3 turns
  3624 | D        | Paralysed by a floating eye for 2 turns
  3629 | D        | Paralysed by a floating eye for 4 turns
  3639 | D        | Paralysed by a floating eye for 4 turns
  3655 | D        | Gained mutation: You occasionally shout uncontrollably at your foes. [a shining eye]
  3656 | D        | Gained mutation: You are weak. (Str -2) [a shining eye]
  3659 | D        | Paralysed by a floating eye for 3 turns
  3663 | D        | Paralysed by a floating eye for 4 turns
  3671 | D        | Paralysed by a floating eye for 3 turns
  3675 | D        | Paralysed by a floating eye for 4 turns
  3682 | D        | Paralysed by a floating eye for 2 turns
  3690 | D        | Paralysed by a floating eye for 3 turns
  3694 | D        | Paralysed by a floating eye for 4 turns
  3701 | D        | Paralysed by a floating eye for 4 turns
  3708 | D        | Paralysed by a floating eye for 2 turns
  3776 | D        | Noticed a quicksilver dragon
  3776 | D        | Noticed a quicksilver dragon
  3784 | D        | Noticed a quicksilver dragon
  3788 | D        | Killed a quicksilver dragon
  3791 | D        | Killed a quicksilver dragon
  3791 | D        | Reached skill level 15 in Shields
  3799 | D        | Killed a quicksilver dragon
  4157 | D        | Lost mutation: You are clumsy. (Dex -2) [potion of mutation]
  4157 | D        | Lost mutation: You are somewhat resistant to further mutation. [potion of mutation]
  4157 | D        | Gained mutation: You are partially covered in thin metallic scales. (AC +2) [potion of mutation]
  4157 | D        | Gained mutation: You passively map a small area around you. [potion of mutation]
  4157 | D        | Gained mutation: You are partially covered in rugged brown scales. (AC +1, +3% HP) [potion of mutation]
  4203 | D        | Bought a potion of flight for 30 gold pieces
  4216 | D        | Noticed a golden dragon
  4217 | D        | Noticed a bone dragon
  4217 | D        | Noticed a cacodemon
  4219 | D        | Noticed a frost giant
  4219 | D        | Noticed a storm dragon
  4234 | D        | Killed a bone dragon
  4237 | D        | Killed a golden dragon
  4237 | D        | Reached XP level 15. HP: 120/158 MP: 17/23
  4247 | D        | Killed a frost giant
  4254 | D        | Killed a storm dragon
  4261 | D        | Reached skill level 23 in Unarmed Combat
  4302 | D        | Bought a potion of flight for 30 gold pieces
  4302 | D        | Bought a potion of flight for 30 gold pieces
  4380 | D        | Noticed Nikola
  4382 | D        | Noticed the 27-headed Lernaean hydra
  4471 | D        | Killed Nikola
  4471 | D        | Reached skill level 24 in Unarmed Combat
  4491 | D        | Killed the 27-headed Lernaean hydra
  4535 | D        | Found Utzas's Book Shoppe.
  4546 | D        | Identified the Guide on Evil Magic
  4557 | D        | Got shimmering shadow dragon scales
  4568 | D        | Identified the +0 shadow dragon scales "Qeenod Obby" {Dex+5 Stlth++++} (You acquired it in the Dungeon)
  4586 | D        | Got a bloodstained shield
  4597 | D        | Identified the +0 shield "Qasod" {Int+6} (You acquired it in the Dungeon)
  4710 | D        | Bought a scroll of blinking for 97 gold pieces
  4738 | D        | Bought 2 potions of lignification for 78 gold pieces
  4740 | D        | Bought a scroll of acquirement for 832 gold pieces
  4746 | D        | Reached skill level 1 in Hexes
  4746 | D        | Reached XP level 16. HP: 169/169 MP: 24/24
  4874 | D        | Noticed Murray
  4918 | D        | Killed Murray
  4945 | D        | Got the Orb of Zot
  5036 | D        | Noticed a seraph
  5064 | D        | Killed a seraph
  5065 | D        | Noticed an Executioner
  5068 | D        | Killed an Executioner
  5092 | D        | Noticed an Orb Guardian
  5092 | D        | Noticed an Orb Guardian
  5097 | D        | Killed an Orb Guardian
  5115 | D        | Escaped with the Orb!

Skill      XL: |  1  2  3  4  5  6  7  8  9 10 11 12 13 14 15 16 |
---------------+-------------------------------------------------+-----
Fighting       | 3 9 11 14 | 14.8
Unarmed Combat | 6 8 10 11 12 15 16 19 22 24 | 24.9
Conjurations   | 2 3 4 5 |  5.1
Spellcasting   | 3 4 6 |  6.4
Translocations | 2 3 |  3.4
Fire Magic     | 2 3 |  3.1
Air Magic      | 2 |  2.9
Poison Magic   | 2 3 |  3.1
Evocations     | 6 8 |  8.4
Dodging        | 5 |  5.7
Armour         | 6 8 9 |  9.0
Shields        | 3 18 | 18.1
Hexes          | 1 8 |  8.7
Stealth        | |  1.0
Summonings     | |  0.6

Action                   |  1- 3 |  4- 6 |  7- 9 | 10-12 | 13-15 | 16-18 || total
-------------------------+-------+-------+-------+-------+-------+-------++-------
Melee: Unarmed           |     5 |    24 |    62 |   187 |   213 |    91 ||   582
       Punch             |       |       |     3 |    22 |    25 |       ||    50
       Dagger            |       |       |       |       |    30 |       ||    30
 Fire: Blowgun           |       |       |       |       |     3 |       ||     3
 Cast: Mephitic Cloud    |       |     1 |     2 |    13 |     1 |       ||    17
       Conjure Flame     |       |       |     9 |     3 |    16 |       ||    28
       Blink             |       |       |     2 |     9 |     7 |     1 ||    19
Invok: Call Merchant     |       |       |       |     3 |     5 |       ||     8
       Potion Petition   |       |       |       |       |     1 |       ||     1
 Abil: Evoke Berserk Rag |       |       |     1 |     4 |     1 |       ||     6
  Use: Potion            |     1 |       |     3 |    12 |    11 |     9 ||    36
       Scroll            |       |       |       |     6 |     9 |       ||    15
 Stab: Confused          |       |       |       |     8 |     1 |       ||     9
       Distracted        |       |       |       |       |     3 |     2 ||     5
  Eat: Chunk             |       |     3 |       |       |       |       ||     3
       Ration            |       |       |     3 |     6 |     6 |       ||    15
Armor: Skin              |       |       |    12 |    29 |       |    22 ||    63
       Robe              |       |       |    10 |    30 |       |       ||    40
       Fire dragon scale |       |       |       |    52 |   129 |     3 ||   184
Dodge: Dodged            |     1 |     5 |    19 |    75 |    76 |     4 ||   180
Block: Large shield      |       |       |       |       |    67 |    54 ||   121
